 Dungeon Crawl Stone Soup version 0.18-a0-1267-gff090c1 (webtiles) character file.

317023 cireshan the Eclecticist (level 20, -20/125 HPs)
             Began as a High Elf Fire Elementalist on Feb 4, 2016.
             Was the Champion of Qazlal.
             Killed from afar by a frost giant (48 damage)
             ... with a bolt of cold
             ... on level 3 of the Vaults on Feb 6, 2016.
             The game lasted 08:02:06 (67669 turns).

cireshan the Eclecticist (HEFE)                    Turns: 67669, Time: 08:02:06

Health: -20/125    AC: 20    Str: 17    XL:     20   Next: 54%
Magic:  11/43      EV: 23    Int: 25    God:    Qazlal [******]
Gold:   2956       SH: 11    Dex: 28    Spells: 12 memorised, 7 levels left

rFire  + + +     SeeInvis +     H - +8 great sword of Igoegex {slice, MP-9 Str+3 Dex+8 Stlth-}
rCold  x . .     Gourm    .     l - +0 fire dragon armour
rNeg   . . .     Faith    .     (shield currently unavailable)
rPois  +         Spirit   .     U - +0 helmet {SInv}
rElec  .         Dismiss  .     h - +0 cloak {MR+}
rCorr  .         Reflect  +     T - +2 pair of gloves
SustAt .         Harm     .     Q - +1 pair of boots
MR     ++...                    P - amulet of Goeli {Reflect Dex+2 SH+3}
Stlth  +.........               V - ring "Noagibb" {rPois rF+ MR- Str+5}
                                I - ring of magical power

@: delayed fireball, repel missiles, very resistant to hostile enchantments,
very unstealthy
A: fangs 1, talons 1, poison resistance
a: Upheaval, Elemental Force, Disaster Area, Renounce Religion, Release Delayed
Fireball
}: 2/15 runes: decaying, gossamer


You were on level 3 of the Vaults.
You worshipped Qazlal.
Qazlal was exalted by your worship.
You were not hungry.

You visited 6 branches of the dungeon, and saw 36 of its levels.
You also visited: Labyrinth and Bailey.

You collected 4065 gold pieces.
You spent 1109 gold pieces at shops.

Inventory:

Hand Weapons
 i - the +8 mace of the Blind Eye {freeze, rElec rC+}
   (You found it on level 9 of the Dungeon)

   It has been specially enchanted to freeze those struck by it, causing extra
   injury to most foes and up to half again as much damage against particularly
   susceptible opponents.
   It can also slow down cold-blooded creatures.
   It protects you from cold.
   It insulates you from electricity.
 t - a +5 scimitar of flaming
 H - the +8 great sword of Igoegex (weapon) {slice, MP-9 Str+3 Dex+8 Stlth-}
   (You took it off a yaktaur on level 3 of the Vaults)

   It inflicts extra damage upon your enemies.
   It affects your strength (+3).
   It affects your dexterity (+8).
   It affects your magic capacity (-9).
   It makes you less stealthy.
Armour
 f - a +2 robe of resistance
 h - a +0 cloak of magic resistance (worn)
 l - a +0 fire dragon armour (worn)
 u - a +0 ice dragon armour
 v - a +2 buckler
 A - a +2 ring mail of magic resistance
 Q - a +1 pair of boots (worn)
 T - a +2 pair of gloves (worn)
 U - a +0 helmet of see invisible (worn)
Jewellery
 I - a ring of magical power (left hand)
 L - a +3 ring of intelligence
 O - an uncursed amulet of magic regeneration
 P - the amulet of Goeli (around neck) {Reflect Dex+2 SH+3}
   (You bought it in a shop on level 2 of the Orcish Mines)

   [amulet of reflection]

   It shields you and reflects attacks.
   It affects your dexterity (+2).
   It affects your SH (+3).
 V - the ring "Noagibb" (right hand) {rPois rF+ MR- Str+5}
   (You found it on level 8 of the Dungeon)

   [ring of poison resistance]

   It affects your strength (+5).
   It protects you from fire.
   It protects you from poison.
   It affects your resistance to hostile enchantments.
 X - an uncursed ring of resist corrosion
Wands
 k - a wand of digging (24/24)
 m - a wand of lightning (8/15)
 o - a wand of acid (3/15)
 z - a wand of iceblast (7/15)
 K - a wand of heal wounds (1/9)
 R - a wand of teleportation (1/9)
 Y - a wand of disintegration (19/24)
Scrolls
 d - 15 scrolls of remove curse
 p - 19 scrolls of identify
 q - 13 scrolls of teleportation
 r - 2 scrolls of fear
 s - 3 scrolls of fog
 x - 7 scrolls of enchant armour
 C - 3 scrolls of amnesia
 F - 2 scrolls of blinking
 Z - 3 scrolls of magic mapping
Potions
 a - a potion of agility
 e - 2 potions of heal wounds
 w - 11 potions of curing
 B - 4 potions of invisibility
 S - a potion of haste
Books
 b - a book of Flames

   Spells                             Type                      Level
   a - Flame Tongue                   Conjuration/Fire             1
   b - Throw Flame                    Conjuration/Fire             2
   c - Conjure Flame                  Conjuration/Fire             3
   d - Inner Flame                    Hexes/Fire                   3
   e - Sticky Flame                   Conjuration/Fire             4
   f - Fireball                       Conjuration/Fire             5
 y - a book of the Earth

   Spells                             Type                      Level
   a - Leda's Liquefaction            Hexes/Earth                  4
   b - Bolt of Magma                  Conjuration/Fire/Earth       5
   c - Statue Form                    Transmutation/Earth          6
   d - Iron Shot                      Conjuration/Earth            6
   e - Shatter                        Earth                        9
 D - a book of the Sky

   Spells                             Type                      Level
   a - Summon Lightning Spire         Summoning/Air                4
   b - Airstrike                      Air                          4
   c - Silence                        Hexes/Air                    5
   d - Deflect Missiles               Charms/Air                   6
   e - Conjure Ball Lightning         Conjuration/Air              6
   f - Tornado                        Air                          9
 E - a book of Power

   Spells                             Type                      Level
   a - Fulminant Prism                Conjuration/Hexes            4
   b - Iskenderun's Mystic Blast      Conjuration                  4
   c - Venom Bolt                     Conjuration/Poison           5
   d - Bolt of Magma                  Conjuration/Fire/Earth       5
   e - Iron Shot                      Conjuration/Earth            6
   f - Orb of Destruction             Conjuration                  7
   g - Spellforged Servitor           Conjuration/Summoning        7
 G - a book of Fire

   Spells                             Type                      Level
   a - Ignite Poison                  Fire/Transmutation/Poison    3
   b - Fireball                       Conjuration/Fire             5
   c - Bolt of Fire                   Conjuration/Fire             6
   d - Delayed Fireball               Conjuration/Fire             7
   e - Ring of Flames                 Charms/Fire                  7
 M - a book of Spatial Translocations

   Spells                             Type                      Level
   a - Apportation                    Translocation                1
   b - Blink                          Translocation                2
   c - Shroud of Golubria             Charms/Translocation         2
   d - Portal Projectile              Translocation                3
   e - Teleport Other                 Translocation                3
   f - Passage of Golubria            Translocation                4
 N - a book of Frost

   Spells                             Type                      Level
   a - Freeze                         Ice                          1
   b - Throw Frost                    Conjuration/Ice              2
   c - Ozocubu's Armour               Charms/Ice                   3
   d - Throw Icicle                   Conjuration/Ice              4
   e - Summon Ice Beast               Ice/Summoning                4
   f - Condensation Shield            Ice                          4
 W - Fihaxeomm's Grimoire of Scorching Combat Magic
   (You acquired it on level 2 of the Lair of Beasts)

   Spells                             Type                      Level
   a - Throw Flame                    Conjuration/Fire             2
   b - Fireball                       Conjuration/Fire             5
   c - Bolt of Fire                   Conjuration/Fire             6
   d - Delayed Fireball               Conjuration/Fire             7
Comestibles
 c - 20 bread rations
 g - 3 royal jellies
 j - 3 beef jerkies
 n - 7 meat rations


   Skills:
 + Level 7.0 Fighting
   Level 2.6(5.2) Short Blades
 + Level 7.1(7.3) Long Blades
 + Level 2.6 Maces & Flails
 * Level 10.5 Armour
 + Level 13.7 Dodging
 - Level 3.6 Stealth
 + Level 10.4 Shields
 + Level 18.2 Spellcasting
 + Level 16.7 Conjurations
 + Level 0.2 Hexes
 + Level 2.6 Translocations
 + Level 15.5 Fire Magic
 + Level 2.2 Ice Magic
 + Level 4.4 Earth Magic
 + Level 9.9 Invocations
 + Level 2.2 Evocations


You had 7 spell levels left.
You knew the following spells:

 Your Spells              Type           Power        Failure   Level  Hunger
a - Orb of Destruction    Conj           #######...   10%         7    #####..
b - Throw Flame           Conj/Fire      ######       0%          2    None
c - Sticky Flame          Conj/Fire      #######.     1%          4    None
d - Fireball              Conj/Fire      #######...   1%          5    None
e - Blink                 Tloc           N/A          4%          2    None
f - Bolt of Magma         Conj/Fire/Erth ######....   1%          5    None
g - Bolt of Fire          Conj/Fire      #######...   1%          6    ###....
h - Delayed Fireball      Conj/Fire      N/A          10%         7    #####..
i - Ensorcelled Hibernat  Hex/Ice        ####..       10%         2    None
j - Throw Icicle          Conj/Ice       ######..     1%          4    None
k - Summon Ice Beast      Ice/Summ       ####....     47%         4    None
l - Lee's Rapid Deconstr  Erth           #####.....   38%         5    None


Dungeon Overview and Level Annotations

Branches:
Dungeon (15/15)            Temple (0/1) D:7            Lair (8/8) D:10
  Swamp (4/4) Lair:3       Spider (4/4) Lair:5        Slime (0/6) Lair:8
    Orc (2/2) D:9             Elf (0/3) Orc:2        Vaults (3/5) D:14
 Depths (0/5) D:15
  Crypt: Vaults:2-3

Altars:
Ashenzari
Gozag
Makhleb
Nemelex Xobeh
Pakellas
Qazlal
Sif Muna
Trog
Vehumet
Xom
Jiyva

Shops:
D:4 *   D:6 [   D:9 =   D:13 *   Orc:1 ?   Orc:2 *[==   Vaults:1 ?

Annotations:
D:4 FrancescoMac's ghost, amateur DrCK
Swamp:1 exclusion: downstairs


Innate Abilities, Weirdness & Mutations

You have very sharp teeth.
You have sharp toenails.
Your system is resistant to poisons.


Message History

There is an open door here.
You see here a dagger.
There is an open door here.
The frost giant is engulfed in roaring flames.
The frost giant points at you and mumbles some strange words.
The bolt of cold hits you!
You feel a terrible chill!
* * * LOW HITPOINT WARNING * * *
The yaktaur captain is engulfed in roaring flames.
There is an open door here.
There is a stone staircase leading down here.
The yaktaur captain wields a runed arbalest.
It bursts into flame!
The yaktaur captain shoots a bolt.
You reflect the bolt off an invisible shield around you!
The bolt completely misses the yaktaur captain.
Your magical contamination has completely faded away.
The frost giant is engulfed in freezing vapours.
The frost giant is engulfed in freezing vapours.
The frost giant gestures at you while chanting.
The bolt of cold hits you!
You feel a terrible chill!
You die...

........)#.†..'.)'....#
.........#))..#..#C...#
##########..§##.c##...#
##)##....##'##
#.........§..#
#/((..§§.C.§.#
##)##..§§##§##
#..(##..##...#
#....#§@#....#
#....+.§+....#
#....#..#....#
############+####
#......#....#
#.####.####.# #.#
#....#.# #.#######.#.#
#.#.).[.#.#.#


You could see a frost giant and a yaktaur captain.

Vanquished Creatures
  A shard shrike (shapeshifter) (Vaults:2)
  Xtahua (Vaults:3)
  Nikola (Swamp:2)
  A lich (Vaults:2)
  Rupert (D:12)
  Frances (D:14)
  A thorn hunter (Swamp:4)
  A sphinx (Vaults:1)
  Gastronok (Lair:3)
  Agnes (D:14)
  Roxanne (Spider:3)
  Maud (D:14)
  A frost giant (Vaults:2)
  5 ghost moths
  4 vault wardens
  4 deep elf sorcerers
  Aizul (Vaults:2)
  4 emperor scorpions
  2 orc warlords
  Louise (Swamp:2)
  6 ironheart preservers
  2 deep elf demonologists (Vaults:1)
  A deep elf annihilator (Vaults:2)
  Azrael (D:12)
  3 spark wasps
  A deep elf death mage (Vaults:2)
  An ettin (shapeshifter) (Vaults:2)
  3 ettins
  Snorg (D:12)
  A minotaur (Lab)
  4 fire dragons
  Josephine (D:15)
  An ice dragon (Lair:8)
  10 ogre magi
  A yaktaur captain (Vaults:2)
  A great orb of eyes (Vaults:3)
  An entropy weaver (Spider:3)
  The ghost of yogakurto the Nimble, a journeyman GrAs of Dithmenos (D:13)
  23 hydras
  Fannar (Orc:1)
  A death knight (Vaults:1)
  Harold (Lair:3)
  2 catoblepae
  5 centaur warriors
  Erica (D:9)
  2 ghost crabs
  7 alligators
  A queen ant (shapeshifter) (D:14)
  A deep troll shaman (Vaults:3)
  15 death yaks
  3 orc high priests
  Sonja (Lair:3)
  Urug (D:10)
  3 deep elf knights
  9 spriggans
  A fire crab (shapeshifter) (D:14)
  6 wizards
  2 shadow wraiths
  3 skeletal warriors (D:13)
  A giant orange brain (Vaults:2)
  3 unseen horrors
  10 swamp dragons
  3 spriggan druids
  4 deep trolls (Vaults:3)
  A tengu zombie (Vaults:1)
  4 shambling mangroves
  5 ironbrand convokers
  2 deep elf archers
  3 lindwurms
  4 necromancers
  20 orb spiders
  9 hill giants
  A frost giant zombie (Vaults:1)
  13 hornets
  10 orc knights
  35 wolf spiders
  7 orc sorcerers
  9 griffons
  9 deep elf magi
  10 ugly things
  4 manticores
  6 cyclopes
  A hornet (shapeshifter) (Vaults:1)
  Maurice (D:12)
  A naga mage (D:15)
  2 guardian serpents (D:15)
  An elephant (D:10)
  2 moths of wrath (Spider:4)
  2 human skeletons
  A frost giant skeleton (Vaults:2)
  2 centaur skeletons
  10 gargoyles
  7 black mambas
  21 spiny frogs
  7 vault sentinels
  10 torpor snails
  8 yaktaurs
  4 freezing wraiths
  8 kobold demonologists
  17 komodo dragons
  17 demonic crawlers
  2 tengu conjurers
  A hydra zombie (Swamp:2)
  A queen bee (Spider:1)
  5 fire drakes
  10 trolls
  4 polar bears
  29 jumping spiders
  20 two-headed ogres
  10 giant leeches
  Grinder (D:6)
  26 blink frogs
  A hornet zombie (Vaults:1)
  18 slime creatures
  2 boulder beetles (Vaults:2)
  A raiju (shapeshifter) (D:13)
  5 bog bodies
  59 redbacks
  2 shadows
  5 wraiths
  An ettin skeleton (Vaults:2)
  2 fire elementals
  30 tarantellas
  A human (shapeshifter) (Vaults:1)
  3 wyverns
  4 steam dragons (Lair:8)
  40 yaks
  A human (D:7)
  Eustachio (D:6)
  A golden eye (Lair:8)
  A giant leech zombie (Swamp:2)
  13 basilisks
  5 hungry ghosts
  A hog (D:7)
  11 hippogriffs
  2 mottled dragons
  15 wolves
  4 wargs
  Menkaure (D:6)
  35 vampire mosquitoes
  16 swamp worms
  11 insubstantial wisps
  A yaktaur simulacrum (Vaults:1)
  3 soldier ants
  17 water moccasins
  15 porcupines
  2 hell hounds
  14 swamp drakes
  45 orc warriors
  19 wasps
  4 phantoms
  4 ice beasts
  4 sky beasts
  An eye of draining (D:10)
  36 ogres
  9 boggarts
  13 centaurs
  A crocodile (shapeshifter) (Vaults:1)
  17 crocodiles
  4 big kobolds
  20 giant frogs
  An earth elemental (D:13)
  A gnoll sergeant (D:6)
  A wyvern zombie (D:11)
  2 wyvern skeletons (D:13)
  8 scorpions
  48 killer bees
  17 wights
  2 electric eels
  8 crimson imps
  3 giant frog zombies
  2 human simulacra
  A quasit (D:9)
  23 orc priests
  6 centaur zombies
  2 gnoll shamans
  3 hounds
  14 iguanas
  4 jellies
  A giant frog skeleton (D:12)
  20 orc wizards
  11 worker ants
  29 sheep
  22 gnolls
  A swamp drake zombie (Swamp:2)
  16 adders
  42 river rats
  8 shadow imps
  An ooze (D:9)
  23 worms
  9 giant geckos
  74 orcs
  2 ball pythons
  5 giant cockroaches
  22 goblins
  19 hobgoblins
  24 jackals
  19 kobolds
  9 quokkas
  17 bats
  9 giant newts
  6 rats
  3 bushes
  A butterfly (Lair:7)
  63 fungi
  50 plants
1740 creatures vanquished.

Vanquished Creatures (others)
  3 yaktaur captains
  2 orc knights (Vaults:1)
  A wizard (D:7)
  A cyclops (Vaults:2)
  6 yaktaurs (Vaults:2)
  A polar bear (Lair:8)
  A two-headed ogre (Vaults:1)
  A vampire mosquito (Swamp:1)
  A warg (Vaults:2)
  6 centaurs
  A giant frog zombie (D:12)
  A sheep (Lair:4)
  An orc (Orc:2)
  A kobold (Vaults:1)
  24 fungi
  34 plants
85 creatures vanquished.

Grand Total: 1825 creatures vanquished

Notes
Turn   | Place    | Note
--------------------------------------------------------------
     0 | D:1      | cireshan the High Elf Fire Elementalist began the quest for the Orb.
     0 | D:1      | Reached XP level 1. HP: 11/11 MP: 4/4
   180 | D:1      | Reached XP level 2. HP: 10/17 MP: 0/6
   184 | D:1      | Learned a level 2 spell: Throw Flame
   960 | D:2      | Reached XP level 3. HP: 21/21 MP: 0/8
  1565 | D:2      | Reached XP level 4. HP: 27/27 MP: 5/9
  1574 | D:2      | Learned a level 4 spell: Sticky Flame
  2852 | D:3      | Found a burning altar of Makhleb.
  3245 | D:4      | Reached XP level 5. HP: 32/32 MP: 9/11
  3424 | D:4      | Found Viymudde's Elemental Accessories.
  3605 | D:4      | Noticed FrancescoMac's ghost (amateur DrCK)
  4133 | D:4      | Reached skill level 4 in Fire Magic
  4472 | D:5      | Entered Level 5 of the Dungeon
  4768 | D:5      | Reached skill level 1 in Fighting
  4805 | D:5      | Reached skill level 1 in Armour
  4983 | D:5      | Reached XP level 6. HP: 38/38 MP: 10/13
  5570 | D:5      | Got a bloodstained spear
  5571 | D:5      | Identified the +0 spear of Midwinter {venom, SInv} (You found it on level 5 of the Dungeon)
  5679 | D:5      | Noticed an ice beast
  5688 | D:5      | Killed an ice beast
  5688 | D:5      | Reached XP level 7. HP: 43/43 MP: 5/14
  6231 | D:5      | Reached skill level 5 in Fire Magic
  6321 | D:6      | Found Denokud's Armour Shop.
  6321 | D:6      | Noticed Grinder
  6330 | D:6      | Killed Grinder
  6330 | D:6      | Reached skill level 5 in Spellcasting
  6439 | D:6      | Bought a +0 leather armour of fire resistance for 99 gold pieces
  6439 | D:6      | Bought a +0 pair of boots for 49 gold pieces
  6655 | D:6      | Reached XP level 8. HP: 41/48 MP: 13/17
  6800 | D:6      | Reached skill level 6 in Spellcasting
  6933 | D:6      | Found a burning altar of Makhleb.
  6997 | D:6      | Found an opulent altar of Gozag.
  7021 | D:6      | Found a stormy altar of Qazlal.
  7021 | D:6      | Found an oddly glowing altar of Pakellas.
  7051 | D:6      | Became a worshipper of Qazlal Stormbringer
  7168 | D:6      | Noticed Menkaure
  7172 | D:6      | Killed Menkaure
  7238 | D:6      | Reached skill level 5 in Conjurations
  7313 | D:6      | Found a shimmering altar of Xom.
  7366 | D:6      | Reached skill level 7 in Spellcasting
  7465 | D:6      | Noticed Eustachio
  7469 | D:6      | Killed Eustachio
  7521 | D:7      | Found a staircase to the Ecumenical Temple.
  7708 | D:7      | Reached XP level 9. HP: 52/54 MP: 20/20
  7886 | D:7      | Found a bloodstained altar of Trog.
  7887 | D:7      | Noticed a wizard
  7893 | D:7      | Killed a wizard
  8110 | D:7      | Reached skill level 5 in Dodging
  8485 | D:8      | Reached skill level 1 in Short Blades
  8606 | D:8      | Reached * piety under Qazlal
  8614 | D:8      | Learned a level 5 spell: Fireball
  8638 | D:8      | Found a deep blue altar of Sif Muna.
  8748 | D:8      | Reached skill level 8 in Spellcasting
  9000 | D:8      | Reached skill level 1 in Shields
  9148 | D:8      | Got a warped lead ring
  9150 | D:8      | Identified the ring "Noagibb" {rPois rF+ MR- Str+5} (You found it on level 8 of the Dungeon)
  9620 | D:9      | Reached skill level 1 in Invocations
  9867 | D:9      | Found Igisoth's Jewellery Shoppe.
  9939 | D:9      | Found a staircase to the Orcish Mines.
  9991 | D:9      | Reached XP level 10. HP: 59/61 MP: 23/23
 10115 | D:9      | Reached ** piety under Qazlal
 10327 | D:9      | Found a radiant altar of Vehumet.
 10331 | D:9      | Found a shattered altar of Ashenzari.
 10367 | D:9      | You fall through a shaft for 3 floors!
 10577 | D:12     | Noticed Maurice
 10584 | D:12     | Killed Maurice
 10590 | D:12     | Reached skill level 9 in Spellcasting
 11136 | D:12     | Noticed Rupert
 11142 | D:12     | Paralysed by Rupert for 6 turns
 11481 | D:11     | Noticed a purple ugly thing
 11495 | D:11     | Killed a purple ugly thing
 11536 | D:11     | Noticed a hill giant
 11547 | D:11     | Killed a hill giant
 11780 | D:10     | Entered Level 10 of the Dungeon
 11788 | D:10     | Noticed a death yak
 11788 | D:10     | Reached XP level 11. HP: 61/66 MP: 24/25
 12031 | D:9      | Noticed Erica
 12044 | D:9      | Killed Erica
 12044 | D:9      | Reached skill level 10 in Spellcasting
 12044 | D:9      | Reached skill level 5 in Invocations
 12345 | D:9      | Got a bloodstained mace
 12346 | D:9      | Identified the +8 mace of the Blind Eye {freeze, rElec rC+} (You found it on level 9 of the Dungeon)
 12448 | D:9      | Found a sparkling altar of Nemelex Xobeh.
 12523 | D:10     | Reached *** piety under Qazlal
 12604 | D:10     | Learned a level 2 spell: Blink
 12660 | D:10     | Found a staircase to the Lair.
 12699 | D:10     | Killed a death yak
 12920 | D:10     | Noticed Urug
 12941 | D:10     | Killed Urug
 13154 | D:10     | Noticed a hill giant
 13165 | D:10     | Killed a hill giant
 13727 | D:10     | Found a sparkling altar of Nemelex Xobeh.
 14049 | Lair:1   | Entered Level 1 of the Lair of Beasts
 14158 | Lair:1   | Learned a level 5 spell: Bolt of Magma
 14185 | Lair:1   | Learned a level 5 spell: Fireball
 14419 | Lair:1   | Reached skill level 11 in Spellcasting
 14676 | Lair:1   | Gained mutation: Your magical capacity is low (-10% MP). [potion of mutation]
 14676 | Lair:1   | Gained mutation: Your flesh is heat resistant. [potion of mutation]
 14676 | Lair:1   | Gained mutation: Your spells are a little harder to cast, but a little more powerful. [potion of mutation]
 15117 | Lair:2   | Reached skill level 10 in Fire Magic
 15169 | Lair:2   | Reached XP level 12. HP: 44/72 MP: 13/25
 15183 | Lair:2   | Identified a scroll of acquirement
 15184 | Lair:2   | Identified Fihaxeomm's Grimoire of Scorching Combat Magic (You acquired it on level 2 of the Lair of Beasts)
 15192 | Lair:2   | Learned a level 6 spell: Bolt of Fire
 15527 | Lair:2   | Reached **** piety under Qazlal
 16120 | Lair:3   | Noticed Gastronok
 16120 | Lair:3   | Noticed Harold
 16202 | Lair:3   | Noticed Sonja
 16203 | Lair:3   | Killed Sonja
 16867 | Lair:3   | Got a twisted hunting sling
 16868 | Lair:3   | Identified the +5 hunting sling of the End of Times {speed, Str+3} (You found it on level 3 of the Lair of Beasts)
 16903 | Lair:3   | Killed Harold
 17021 | Lair:3   | Killed Gastronok
 17247 | Lair:3   | Reached skill level 10 in Conjurations
 17561 | Lair:3   | Noticed a six-headed hydra
 17566 | Lair:3   | Killed a six-headed hydra
 17566 | Lair:3   | Reached skill level 12 in Spellcasting
 17566 | Lair:3   | Reached skill level 1 in Earth Magic
 18150 | Lair:3   | Found a staircase to the Swamp.
 18391 | Lair:3   | Upgraded the game from 0.18-a0-1229-ge9a1a01 to 0.18-a0-1243-g9e52518
 19447 | Lair:5   | Reached XP level 13. HP: 77/77 MP: 25/27
 19974 | Lair:5   | Found a hole to the Spider Nest.
 20184 | Lair:5   | Learned a level 7 spell: Delayed Fireball
 20259 | Lair:5   | Reached skill level 1 in Long Blades
 20437 | Lair:5   | Reached skill level 5 in Shields
 21400 | Lair:6   | Reached ***** piety under Qazlal
 22295 | Lair:7   | Reached skill level 13 in Spellcasting
 23474 | Lair:7   | Reached skill level 10 in Dodging
 23814 | Lair:7   | Reached XP level 14. HP: 24/84 MP: 21/29
 24292 | Lair:7   | Gained mutation: You are robust (+10% HP). [potion of beneficial mutation]
 24966 | Lair:8   | Entered Level 8 of the Lair of Beasts
 25168 | Lair:8   | Found a staircase to the Slime Pits.
 25168 | Lair:8   | Found a viscous altar of Jiyva.
 25263 | Lair:8   | Found a frozen archway.
 26212 | Lair:8   | Found a runed door.
 26558 | Lair:8   | Reached ****** piety under Qazlal
 28275 | Lair:8   | Reached skill level 14 in Spellcasting
 28801 | Orc:1    | Entered Level 1 of the Orcish Mines
 29093 | Orc:2    | Entered Level 2 of the Orcish Mines
 29106 | Orc:1    | Reached skill level 1 in Maces & Flails
 29163 | Orc:1    | Noticed an orc warlord
 30332 | Orc:1    | Reached XP level 15. HP: 87/99 MP: 15/30
 30649 | Orc:2    | Killed an orc warlord
 30789 | Orc:1    | Noticed Fannar
 30794 | Orc:1    | Killed Fannar
 30796 | Orc:1    | Reached skill level 5 in Armour
 31047 | Orc:1    | Found Pany's Magic Scroll Shoppe.
 31090 | Orc:1    | Bought a scroll of magic mapping for 59 gold pieces
 31299 | Orc:2    | Found Jiuren's Jewellery Shoppe.
 31299 | Orc:2    | Found Vaawiveh's Assorted Antiques.
 31301 | Orc:2    | Found Koluosuq's Jewellery Shoppe.
 31301 | Orc:2    | Found Ustrirgh's Armour Shop.
 31310 | Orc:2    | Bought a +0 helmet of see invisible for 161 gold pieces
 31353 | Orc:2    | Bought the amulet of Goeli {Reflect Dex+2 SH+3} for 579 gold pieces
 31457 | Orc:2    | Found a staircase to the Elven Halls.
 31755 | D:11     | Reached skill level 5 in Fighting
 31755 | D:11     | Reached XP level 16. HP: 104/107 MP: 31/31
 31761 | D:11     | Learned a level 2 spell: Ensorcelled Hibernation
 32607 | D:12     | Noticed Azrael
 32705 | D:12     | Killed Azrael
 33397 | D:12     | Noticed Snorg
 33404 | D:12     | Killed Snorg
 34162 | D:12     | Killed Rupert
 34475 | D:13     | Noticed yogakurto's ghost (journeyman GrAs)
 34698 | D:13     | Killed yogakurto's ghost
 34825 | D:13     | Learned a level 4 spell: Throw Icicle
 34830 | D:13     | Learned a level 4 spell: Summon Ice Beast
 35540 | D:13     | Found Taruepea's Pet Rocks.
 36034 | D:14     | Found a flagged portal.
 36040 | Bailey   | Entered a bailey
 36202 | Bailey   | Reached skill level 5 in Long Blades
 36781 | D:14     | Noticed Agnes
 36795 | D:14     | Killed Agnes
 37013 | D:14     | Noticed Maud
 37034 | D:14     | Killed Maud
 37141 | D:14     | Noticed Frances
 37831 | D:14     | Killed Frances
 37988 | D:14     | Found a gate to the Vaults.
 38272 | D:15     | Entered Level 15 of the Dungeon
 38423 | D:14     | Reached skill level 15 in Spellcasting
 38584 | D:15     | Found a labyrinth entrance.
 38589 | Lab      | Entered a labyrinth
 39731 | Lab      | Reached XP level 17. HP: 113/113 MP: 26/33
 39745 | Lab      | Identified the Almanac of Displacement
 39909 | D:15     | Noticed Josephine
 39912 | D:15     | Killed Josephine
 40621 | D:15     | Found a staircase to the Depths.
 40677 | D:15     | Got a translucent scale mail
 40688 | D:15     | Identified the cursed +0 scale mail of Fotz {MR++ Dex-5} (You found it on level 15 of the Dungeon)
 40754 | D:15     | Lost mutation: Your spells are a little harder to cast, but a little more powerful. [potion of cure mutation]
 40754 | D:15     | Lost mutation: You are robust (+10% HP). [potion of cure mutation]
 40754 | D:15     | Lost mutation: Your flesh is heat resistant. [potion of cure mutation]
 40754 | D:15     | Lost mutation: Your magical capacity is low (-10% MP). [potion of cure mutation]
 40756 | D:15     | Gained mutation: You have very sharp teeth. [potion of beneficial mutation]
 40757 | D:15     | Gained mutation: Your system is resistant to poisons. [potion of beneficial mutation]
 40758 | D:15     | Gained mutation: You have sharp toenails. [potion of beneficial mutation]
 41529 | Swamp:1  | Entered Level 1 of the Swamp
 43805 | Swamp:1  | HP: 2/104 [large slime creature (20)]
 44278 | Swamp:1  | HP: 1/105 [large slime creature (12)]
 44281 | Swamp:2  | Noticed Nikola
 44343 | Swamp:2  | Noticed Louise
 44428 | Swamp:3  | HP: 4/105 [swamp worm (14)]
 44742 | Swamp:2  | Killed Louise
 45046 | Swamp:2  | Killed Nikola
 46597 | Swamp:3  | Learned a level 7 spell: Orb of Destruction
 46978 | Swamp:4  | Entered Level 4 of the Swamp
 47629 | Swamp:4  | Reached XP level 18. HP: 110/110 MP: 14/38
 48405 | Swamp:4  | Reached skill level 16 in Spellcasting
 48817 | Swamp:4  | Got a decaying rune of Zot
 49168 | Spider:1 | Entered Level 1 of the Spider Nest
 51123 | Spider:1 | Upgraded the game from 0.18-a0-1243-g9e52518 to 0.18-a0-1267-gff090c1
 51804 | Spider:2 | Reached skill level 15 in Conjurations
 54130 | Spider:3 | Noticed Roxanne
 54421 | Spider:3 | Killed Roxanne
 54425 | Spider:3 | Identified Roxanne's Tome of the Shifting Mountains (You took it off Roxanne on level 3 of the Spider Nest)
 54473 | Spider:3 | Got a smoking robe
 54484 | Spider:3 | Identified the +2 robe of the Gloaming {rPois MP+9 Dex+4} (You found it on level 3 of the Spider Nest)
 55494 | Spider:4 | Entered Level 4 of the Spider Nest
 56204 | Spider:4 | Reached XP level 19. HP: 108/117 MP: 40/40
 57529 | Spider:4 | Got a gossamer rune of Zot
 57886 | Spider:1 | Reached skill level 17 in Spellcasting
 58298 | Vaults:1 | Entered Level 1 of the Vaults
 58600 | Vaults:1 | Found Inoll's Magic Scroll Shop.
 58609 | Vaults:1 | Bought 3 scrolls of teleportation for 162 gold pieces
 60286 | Vaults:1 | Learned a level 5 spell: Lee's Rapid Deconstruction
 60530 | Vaults:1 | Reached skill level 15 in Fire Magic
 62920 | Vaults:2 | Reached skill level 10 in Shields
 63783 | Vaults:2 | Noticed Aizul
 63953 | Vaults:2 | Noticed a shard shrike
 63954 | Vaults:2 | a shard shrike changed into a titan
 63957 | Vaults:2 | Noticed a shard shrike
 63957 | Vaults:2 | a titan changed into a shard shrike
 63962 | Vaults:2 | Killed a shard shrike
 64464 | Vaults:2 | Reached XP level 20. HP: 86/123 MP: 14/42
 64499 | Vaults:2 | HP: 6/123 [yaktaur captain/bolt of flame (31)]
 64501 | Vaults:2 | Noticed a lich
 64867 | Vaults:2 | Got a pitted glaive
 64868 | Vaults:2 | Identified the +7 glaive "Romegomi" {flame, +Blink rF+ MR+ Int-5} (You found it on level 2 of the Vaults)
 65361 | Vaults:2 | Reached skill level 10 in Armour
 65473 | Vaults:2 | Killed Aizul
 66271 | Vaults:2 | Killed a lich
 66271 | Vaults:2 | Reached skill level 18 in Spellcasting
 67051 | Vaults:3 | Paralysed by a great orb of eyes for 3 turns
 67520 | Vaults:3 | Got a crystal great sword {slice}
 67521 | Vaults:3 | Identified the +8 great sword of Igoegex {slice, MP-9 Str+3 Dex+8 Stlth-} (You took it off a yaktaur on level 3 of the Vaults)
 67625 | Vaults:3 | Noticed Xtahua
 67657 | Vaults:3 | Killed Xtahua
 67669 | Vaults:3 | Killed from afar by a frost giant

Vault maps used:
D:1:      erik_arrival_triangle_small
D:3:      first_bread, bloody_makhleb
D:4:      nicolae_elemental_shop
D:6:      marbit_many_paths, grunt_temple_overflow_open, serial_shops, shop,
          uniq_menkaure, uniq_eustachio, uniq_grinder
D:7:      minmay_temple_entry_statues_fountains, grunt_livestock, trog_wizard
D:8:      kennysheep_mini_moat
D:9:      gammafunk_temple_overflow_pools, orc_0_dummy, serial_shops, shop,
          nemelex_dance_club_becter, uniq_erica
D:10:     david_lair_generic, nemelex_xobeh_ov_fountains_minmay, uniq_urug
D:11:     serial_bayou_pond_c, kennysheep_windowed_goal
D:12:     uniq_rupert, uniq_snorg, uniq_azrael, uniq_maurice
D:13:     guppyfry_shop_earth
D:14:     david_vaults_1, patterned_corridor, enter_bailey_2, uniq_frances,
          uniq_agnes, uniq_maud
D:15:     grunt_enter_depths_magical_seal, serial_bayou_pond_b,
          lab_entry_generic, nrook_guardian_serpent_ordinary, uniq_josephine
Lair:1:   grunt_megastairs_1, serial_bayou_shore_b
Lair:3:   swamp_mist_pool, minivault_27, lemuel_fruit_fields, uniq_sonja,
          uniq_gastronok, uniq_harold
Lair:4:   serial_forest, infiniplex_forest_lined_2,
          infiniplex_forest_straight_1, infiniplex_forest_clump_tiny,
          infiniplex_forest_end_3, infiniplex_forest_clump_long,
          infiniplex_forest_lined_2, infiniplex_forest_straight_2
Lair:5:   spider_nest_entry_rubble, grunt_megastairs_3, lemuel_fruit_tree
Lair:6:   st_stairs_10, beast_lair_carwin_6
Lair:7:   st_stairs_10, lemuel_fruit_fields
Lair:8:   wormcave, guppyfry_lair_end_dragon, slime_altar_1,
          portal_ice_cave_entry_animals_and_master,
          eino_small_chamber_without_monster, st_stairs_9, serial_bayou_shore_b
Swamp:1:  nicolae_swamp_dense_foliage
Swamp:2:  serial_swamp_ruin, evilmike_swamp_ruin_rubble_2,
          evilmike_swamp_ruin_house_6, swamp_pool4,
          nicolae_swamp_necromancer_hut, uniq_nikola, uniq_louise
Swamp:3:  evilmike_swamp_ruin_house_4, swamp_pool4, statue_in_the_mist_lemuel,
          nicolae_swamp_fairy_circle, infiniplex_staircase_pool_2
Swamp:4:  swamp
Spider:1: special_room, nicolae_spider_circle_web
Spider:2: cheibrodos_spider_creepycove
Spider:3: uniq_roxanne
Spider:4: grunt_spider_rune_island
Orc:1:    serial_shops, shop, uniq_fannar
Orc:2:    grunt_orc_tribal_feast, special_room
Vaults:1: vaults_room_semicircle, nicolae_vaults_mini_display_case,
          hangedman_vaults_stretched_pinwheel, v_misc_28,
          dpeg_vaults_monster_row, vaults_dpeg_hooks, nicolae_vaults_what_the_h,
          v_misc_8, ontoclasm_vaults_gateway, ontoclasm_vaults_fault,
          nicolae_vaults_little_squares_6, serial_shops, shop
Vaults:2: v_misc_3, dpeg_vaults_waves, ontoclasm_vaults_decontamination,
          vaults_room_grid, nicolae_vaults_puzzle_piece,
          hangedman_vaults_stitches, vaults_dpeg_cross,
          vaults_mumra_minichess_inversion, uniq_aizul
Vaults:3: v_misc_18, vaults_room_fancy_cross, ontoclasm_vaults_ring_large,
          hangedman_vaults_unwind, kennysheep_vaults_gozag_temple, v_misc_1,
          v_misc_1, ontoclasm_vaults_spin, vaults_room_semicircle,
          v_alt_pattern_4, uniq_mennas, uniq_xtahua
Lab:      nicolae_lab_dead_adventurers, labyrinth_fake_exit,
          labyrinth_skeletal_remains, labyrinth_glass_1, nicolae_lab_statue,
          nicolae_lab_flowing_pool, lab_block, nicolae_lab_blocks,
          nicolae_lab_diamond, lab_hedge, nicolae_lab_t_cross,
          nicolae_lab_very_dead_end
Bailey:   bailey_axe_minmay_hex_keep, bailey

Action                   |  1- 3 |  4- 6 |  7- 9 | 10-12 | 13-15 | 16-18 | 19-21 || total
-------------------------+-------+-------+-------+-------+-------+-------+-------++-------
Melee: Dagger            |    25 |    37 |    34 |   131 |       |       |       ||   227
       Unarmed           |     1 |       |       |       |       |       |       ||     1
       Short sword       |     9 |       |       |       |       |       |       ||     9
       Rapier            |       |    24 |       |       |       |       |       ||    24
       Spear             |       |       |    48 |       |       |       |       ||    48
       Staff             |       |       |    38 |       |       |    13 |       ||    51
       Scimitar          |       |       |       |    24 |   176 |   486 |   276 ||   962
       Mace              |       |       |       |       |   115 |   443 |    30 ||   588
       Great sword       |       |       |       |       |       |       |     7 ||     7
 Cast: Flame Tongue      |    52 |   129 |   163 |   142 |    14 |    21 |       ||   521
       Throw Flame       |    10 |    42 |   106 |   228 |   191 |   255 |   192 ||  1024
       Sticky Flame      |       |     1 |    21 |    83 |   105 |   269 |    73 ||   552
       Fireball          |       |       |       |    21 |    92 |   292 |   186 ||   591
       Bolt of Magma     |       |       |       |    10 |    56 |   169 |    62 ||   297
       Bolt of Fire      |       |       |       |     9 |    19 |    76 |    77 ||   181
       Blink             |       |       |       |       |     1 |       |       ||     1
       Throw Icicle      |       |       |       |       |       |     8 |       ||     8
       Ensorcelled Hiber |       |       |       |       |       |     2 |       ||     2
       Summon Ice Beast  |       |       |       |       |       |     2 |       ||     2
       Delayed Fireball  |       |       |       |       |       |     1 |       ||     1
       Orb of Destructio |       |       |       |       |       |    12 |    19 ||    31
Evoke: Wand              |       |       |       |     2 |       |     3 |     1 ||     6
  Use: Scroll            |     3 |     5 |     1 |     9 |     6 |    17 |    12 ||    53
       Potion            |       |     8 |     1 |     7 |     5 |    11 |     2 ||    34
 Stab: Sleeping          |       |       |     1 |       |       |       |       ||     1
  Eat: Chunk             |     2 |    14 |    15 |    17 |    32 |    44 |    18 ||   142
       Fruit             |       |       |       |     5 |     8 |     6 |     6 ||    25
       Meat ration       |       |       |       |     3 |     3 |     3 |     2 ||    11
       Beef jerky        |       |       |       |     2 |       |     4 |       ||     6
       Pizza             |       |       |       |       |     1 |     9 |     1 ||    11
       Royal jelly       |       |       |       |       |       |    11 |     5 ||    16
       Bread ration      |       |       |       |       |       |       |     2 ||     2
